cohdb
Replays
Latest Replays
All Replays
Popular Replays
Top Player Replays
Match Explorer
How It Works
Community
CoH3 Stats
Reddit
Sign in to upload your games and track your stats! →
Sign in with Steam
Match 42229399
Unlisted
Match 42229399
Overview
Messages
Build Orders
End
Kettenkrad Recon Vehicle
Construct Infanterie Kompanie
MG 42 Machine Gun Team
Grenadier Squad
Grenadier Squad
GrW 34 Mortar Team
Construct Luftwaffe Kompanie
Jäger Squad
Selects Mechanized Battlegroup
Selects Raid Package
Pioneer Squad
Morbid
Sam
风逝无痕
起舞
Ardy
kenleung
Licking the dog
SI-LAY-COW
0
0
Comments
sign in to comment!
No comments posted yet!